 Dungeon Crawl Stone Soup version 0.28.0 (webtiles) character file.

Game seed: 5225019223974716505

127 Minsecho the Chiller (level 5, 0/36 HPs)
             Began as a Merfolk Ice Elementalist on Feb 6, 2022.
             Succumbed to an adder's poison
             ... on level 3 of the Dungeon.
             The game lasted 00:03:32 (2564 turns).

Minsecho the Chiller (Merfolk Ice Elementalist)     Turns: 2564, Time: 00:03:32

Health: 0/36       AC:  5    Str: 11    XL:     5   Next: 11%
Magic:  1/9        EV: 13    Int: 14    God:
Gold:   59         SH:  0    Dex: 14    Spells: 3/10 levels left

rFire   . . .      SeeInvis .   h - +0 spear
rCold   . . .      Faith    .   (no shield)
rNeg    . . .      Spirit   .   a - +0 robe
rPois   .          Reflect  .   d - +2 hat
rElec   .          Harm     .   l - +0 cloak
rCorr   .          Rampage  .   (no gloves)
Will    .....                   (no boots)
Stlth   ++........              (no amulet)
HPRegen 0.12/turn               (no ring)
MPRegen 0.11/turn               (no ring)

@: brilliant, lethally poisoned (0 -> -1)
A: (nimble swimmer 2), mertail
a: no special abilities


You were on level 3 of the Dungeon.
You visited 1 branch of the dungeon, and saw 3 of its levels.

You collected 59 gold pieces.

Inventory:

Hand Weapons
 e - a +0 short sword
 h - a +0 spear (weapon)
Armour
 a - a +0 robe (worn)
 c - a +0 ring mail
 d - a +2 hat (worn)
 l - a +0 cloak (worn)
Wands
 i - a wand of polymorph (2)
Scrolls
 b - a scroll of identify {unknown}
 k - a scroll of magic mapping {unknown}


   Skills:
 + Level 0.8 Fighting
 + Level 1.3 Polearms
 + Level 3.4 Dodging
 - Level 2.2 Stealth
 + Level 3.1 Spellcasting
 + Level 5.5 Ice Magic


You had 3 spell levels left.
You knew the following spells:

 Your Spells              Type           Power      Damage    Failure   Level
a - Freeze                Ice            100%       1d11      2%          1
b - Frozen Ramparts       Ice            52%        1d7       6%          3
c - Ozocubu's Armour      Ice            26%        N/A       6%          3

Your spell library contained the following spells:

 Spells                   Type           Power      Damage    Failure   Level
 Corpse Rot               Necr/Air       6%         N/A       32%         2
 Poisonous Vapours        Pois/Air       6%         N/A       32%         2
 Hailstorm                Conj/Ice       15%        3d5       56%         4


Dungeon Overview and Level Annotations

Branches:
Dungeon (3/15)

Altars:


Innate Abilities, Weirdness & Mutations

((You are very nimble when in or above water. (Stealth+, EV+, Speed+++)))
Your lower body shifts to a powerful aquatic tail in water.


Message History

You are more poisoned.
The adder poisons you!
You closely miss the adder.
The adder is almost dead.
You feel sick. The adder misses you.
You hit the adder but do no damage.
The adder is almost dead.
You feel sick. The adder bites you.
You miss the adder.
The adder is almost dead.
You feel sick. The adder bites you but does no damage.
You hit the adder.
You kill the adder!
You feel sick. The white imp gestures at you. The puff of frost hits you!
* * * LOW HITPOINT WARNING * * *
Unknown command.
It was a potion of brilliance.
You feel clever all of a sudden.
* * * LOW HITPOINT WARNING * * *
You feel sick.
As you read the scroll labelled VAMPOU PETAS, it crumbles to dust.
It is a scroll of amnesia.
Really abort (and waste the scroll)? [Y]es or [N]o only, please.
Really abort (and waste the scroll)?
Okay, then.
* * * LOW HITPOINT WARNING * * *
You feel sick. The white imp gestures at you. The puff of frost misses you.
Blink to where?
Press: ? - help, Dir - move target Your icy armour will break if you move.
Continue?
Your icy armour cracks and falls away as you move.
An adder comes into view.
As you read the scroll labelled VOETOJ UFEU, it crumbles to dust.
It was a scroll of blinking.
You die...

#.# #ยง#
######5#
#......#######
+.............
#......#######
....#####.#
....#####.#
.......@.#
......S..#
...........
.S......####
.......(.
.........
.........
.........#


You could see 2 adders and a white imp.

Vanquished Creatures
  Crazy Yiuf (D:2)
  Jessica (D:2)
  3 adders
  A dart slug (D:1)
  An orc (D:2)
  4 bats
  2 endoplasms
  4 giant cockroaches
  5 goblins
  A hobgoblin (D:3)
  6 kobolds
  4 quokkas
  2 ball pythons (D:1)
  5 frilled lizards (D:1)
  7 rats
47 creatures vanquished.

Notes
Turn   | Place    | Note
-------+----------+-------------------------------------------
     0 | D:1      | Minsecho the Merfolk Ice Elementalist began the quest for
                  | the Orb.
     0 | D:1      | Reached XP level 1. HP: 13/13 MP: 3/3
   183 | D:1      | Reached XP level 2. HP: 19/19 MP: 0/5
   664 | D:1      | Reached skill level 5 in Ice Magic
   893 | D:1      | Reached XP level 3. HP: 24/24 MP: 6/6
   897 | D:1      | Learned a level 3 spell: Frozen Ramparts
  1297 | D:1      | Found a faded altar of an unknown god.
  1501 | D:2      | Found a runed translucent door.
  1502 | D:2      | Noticed Crazy Yiuf
  1840 | D:2      | Noticed Jessica
  1851 | D:2      | Killed Jessica
  1852 | D:2      | Reached XP level 4. HP: 31/31 MP: 4/7
  1888 | D:2      | Learned a level 3 spell: Ozocubu's Armour
  2325 | D:2      | Killed Crazy Yiuf
  2492 | D:3      | Reached skill level 1 in Polearms
  2552 | D:3      | Reached XP level 5. HP: 28/36 MP: 2/9
  2563 | D:3      | HP: 1/36 [poisoned by an adder]
  2564 | D:3      | Succumbed to an adder's poison

Illustrated notes

Levels and vault maps discovered:
D:1:      minmay_arrival_split_and_join, layout_loops_ring,
          hellmonk_ecumenical_altar_leap_of_faith, minivault_11
D:2:      layout_loops_ring, bh_walls_and_bars, uniq_jessica,
          uniq_crazy_yiuf_cottage
D:3:      layout_basic, patterned_corridor, uniq_robin

Skill      XL: |  1  2  3  4 |
---------------+-------------+-----
Ice Magic      | 5 |  5.5
Dodging        | 3 |  3.4
Polearms       | 1 |  1.3
Spellcasting   | 3 |  3.1
Fighting       | |  0.8
Stealth        | |  2.2

Action                   |  1- 3 |  4- 6 || total
-------------------------+-------+-------++-------
Melee: Short sword       |    58 |       ||    58
       Punch             |     1 |       ||     1
       Spear             |     4 |    31 ||    35
 Cast: Freeze            |    31 |     8 ||    39
       Ozocubu's Armour  |       |     2 ||     2
       Frozen Ramparts   |       |     2 ||     2
  Use: Scroll            |       |     2 ||     2
       Potion            |       |     1 ||     1
 Stab: Sleeping          |     5 |     2 ||     7
Armor: Robe              |    30 |    10 ||    40
Dodge: Dodged            |    42 |    12 ||    54
